 Dungeon Crawl Stone Soup version 0.23-a0-151-gf6d1ed2717 (webtiles) character file.

499810 Nurxa the Imperceptible (level 25, -27/142 HPs)
             Began as a Vine Stalker Fighter on Sept 4, 2018.
             Was a Follower of Uskayaw.
             Annihilated by an acid blob (34 damage)
             ... on level 5 of the Pits of Slime on Sept 8, 2018.
             The game lasted 06:25:55 (42902 turns).

Nurxa the Imperceptible (Vine Stalker Fighter)     Turns: 42902, Time: 06:25:56

Health: -27/142    AC: -2    Str: 26    XL:     25   Next: 19%
Magic:  0/56       EV: 34    Int:  8    God:    Uskayaw [*.....]
Gold:   2745       SH: 20    Dex: 32    Spells: 24/24 levels left

rFire    + + .     SeeInvis +   G - +7 dagger of the Final Decision {pierce, Fragile rElec rPois MP+9}
rCold    + + .     Gourm    .   O - +2 shield {rN+}
rNeg     + . .     Faith    .   S - +0 robe of Patterns {rC++ Dex+6}
rPois    +         Spirit   +   g - +0 helmet of Satisfaction {MR+ Regen+ MP+9 Dex+4}
rElec    +         Reflect  +   H - +3 cloak of the Gate {*Contam rElec rF+ Regen+}
rCorr    +         Harm     .   E - +2 pair of gloves of Autumn {SInv}
MR       ++++.                  k - +2 pair of boots
Stlth    +++++++++.             T - amulet "Binyrha" {Reflect rF+ SH+2}
HPRegen  1.93/turn              B - ring of resist corrosion
MPRegen  0.35/turn              N - +4 ring of evasion

@: mighty, corroded, very slightly contaminated, studying Fighting, invisible
A: fangs 3, talons 1, clumsy 1, regeneration 2, screaming 1, magic shield,
antimagic bite, no potion heal 3, rot immunity
}: 2/15 runes: barnacled, gossamer
a: Stomp, Renounce Religion


You were on level 5 of the Pits of Slime.
You worshipped Uskayaw.
Uskayaw was greatly pleased with you.
You were very hungry.

You visited 10 branches of the dungeon, and saw 47 of its levels.
You visited the Abyss 1 time.
You also visited: Labyrinth, Sewer, Ice Cave and Desolation.

You collected 4836 gold pieces.
You spent 2091 gold pieces at shops.

Inventory:

Hand Weapons
 G - the +7 dagger of the Final Decision (weapon) {pierce, Fragile rElec rPois MP+9}
   (You found it on level 2 of the Spider Nest)

   It inflicts extra damage upon your enemies.
   It insulates you from electricity.
   It protects you from poison.
   It affects your magic capacity (+9).
   It will be destroyed if unequipped.
Missiles
 I - 8 javelins of penetration (quivered)
Armour
 g - the +0 helmet of Satisfaction (worn) {MR+ Regen+ MP+9 Dex+4}
   (You bought it in a shop on level 2 of the Orcish Mines)

   It affects your dexterity (+4).
   It affects your resistance to hostile enchantments.
   It affects your magic capacity (+9).
   It increases your rate of regeneration.
 k - a +2 pair of boots (worn)
 E - the +2 pair of gloves of Autumn (worn) {SInv}
   (You bought it in a shop on level 2 of the Orcish Mines)

   It lets you see invisible.
 H - the +3 cloak of the Gate (worn) {*Contam rElec rF+ Regen+}
   (You found it on level 8 of the Dungeon)

   It protects you from fire.
   It insulates you from electricity.
   It causes magical contamination when unequipped.
   It increases your rate of regeneration.
 O - a +2 shield of positive energy (worn)
 S - the +0 robe of Patterns (worn) {rC++ Dex+6}
   (You found it on level 4 of the Lair of Beasts)

   It affects your dexterity (+6).
   It greatly protects you from cold.
Jewellery
 u - a +2 ring of evasion
 B - a ring of resist corrosion (left hand)
 N - a +4 ring of evasion (right hand)
 P - the ring of Salvation {rPois rC- rN+ MR+ Str+5}
   (You took it off a deep elf mage on level 3 of the Elven Halls)

   [ring of strength]

   It affects your strength (+5).
   It makes you vulnerable to cold.
   It protects you from poison.
   It protects you from negative energy.
   It affects your resistance to hostile enchantments.
 T - the amulet "Binyrha" (around neck) {Reflect rF+ SH+2}
   (You bought it in a shop on level 1 of the Elven Halls)

   [amulet of reflection]

   It shields you and reflects attacks.
   It protects you from fire.
   It affects your SH (+2).
Wands
 c - a wand of digging (30)
 t - a wand of paralysis (50)
 D - a wand of acid (39)
 F - a wand of clouds (3)
 J - a wand of flame (81)
 K - a wand of polymorph (29)
 R - a wand of scattershot (4)
 U - a wand of iceblast (40)
 Y - a wand of disintegration (7)
Scrolls
 a - 7 scrolls of enchant weapon
 r - a scroll of holy word
 s - 19 scrolls of remove curse
 z - 4 scrolls of teleportation
 A - 4 scrolls of magic mapping
 C - 12 scrolls of identify
 M - a scroll of amnesia
 W - 4 scrolls of immolation
 X - a scroll of fear
 Z - a scroll of fog
Potions
 b - 4 potions of lignification
 e - 7 potions of flight
 i - 2 potions of agility
 j - 15 potions of curing
 m - 5 potions of might
 o - 3 potions of mutation
 p - 4 potions of cancellation
 v - a potion of berserk rage
 w - 4 potions of magic
 L - a potion of invisibility
 Q - 5 potions of brilliance
Books
 y - a manual of Fighting
Miscellaneous
 d - a box of beasts
 h - a lamp of fire
 l - a phantom mirror
 n - a lightning rod (4/4)
 q - a fan of gales (inert)
 x - a phial of floods
Comestibles
 f - 36 rations


   Skills:
 * Level 17.8 Fighting
 - Level 12.0 Short Blades
 - Level 2.4 Armour
 - Level 14.5 Dodging
 - Level 23.0 Stealth
 - Level 15.0 Shields
 - Level 21.0 Invocations


You had 24 spell levels left.
You didn't know any spells.
Your spell library contained the following spells:

 Spells                   Type           Power        Failure   Level  Hunger
 Animate Skeleton         Necr           N/A          41%         1    ##.....
 Apportation              Tloc           #.....       41%         1    ##.....
 Beastly Appendage        Tmut           #.....       41%         1    ##.....
 Confusing Touch          Hex            #.....       41%         1    ##.....
 Infusion                 Chrm           #...         41%         1    ##.....
 Magic Dart               Conj           #...         41%         1    ##.....
 Pain                     Necr           #...         41%         1    ##.....
 Sandblast                Erth           #.....       41%         1    ##.....
 Sting                    Conj/Pois      #...         41%         1    ##.....
 Summon Small Mammal      Summ           #...         41%         1    ##.....
 Blink                    Tloc           N/A          54%         2    ###....
 Call Imp                 Summ           #.......     54%         2    ###....
 Ensorcelled Hibernation  Hex/Ice        #.....       54%         2    ###....
 Passwall                 Tmut/Erth      #.......     54%         2    ###....
 Poisonous Vapours        Pois/Air       #.....       54%         2    ###....
 Searing Ray              Conj           #.....       54%         2    ###....
 Shroud of Golubria       Chrm/Tloc      #.........   54%         2    ###....
 Slow                     Hex            #.......     54%         2    ###....
 Song of Slaying          Chrm           #.......     54%         2    ###....
 Sticks to Snakes         Tmut           #.......     54%         2    ###....
 Sublimation of Blood     Necr           #.........   54%         2    ###....
 Throw Flame              Conj/Fire      #.....       54%         2    ###....
 Throw Frost              Conj/Ice       #.....       54%         2    ###....
 Conjure Flame            Conj/Fire      #.......     78%         3    ####...
 Dazzling Spray           Conj/Hex       #.....       78%         3    ####...
 Gell's Gravitas          Tloc           #.........   78%         3    ####...
 Ignite Poison            Fire/Tmut/Pois #.......     78%         3    ####...
 Inner Flame              Hex/Fire       #.......     78%         3    ####...
 Lesser Beckoning         Tloc           #.........   78%         3    ####...
 Mephitic Cloud           Conj/Pois/Air  #.......     78%         3    ####...
 Ozocubu's Armour         Chrm/Ice       #.......     78%         3    ####...
 Regeneration             Chrm/Necr      #.........   78%         3    ####...
 Spectral Weapon          Hex/Chrm       #.......     78%         3    ####...
 Spider Form              Tmut/Pois      #.........   78%         3    ####...
 Static Discharge         Conj/Air       #.......     78%         3    ####...
 Stone Arrow              Conj/Erth      #.....       78%         3    ####...
 Teleport Other           Tloc           #.......     78%         3    ####...
 Force Lance              Conj/Tloc      #.......     99%         4    #####..
 Fulminant Prism          Conj/Hex       #.........   99%         4    #####..
 Ice Form                 Ice/Tmut       #.......     99%         4    #####..
 Iskenderun's Mystic Bla  Conj           #.......     99%         4    #####..
 Leda's Liquefaction      Hex/Erth       #.........   99%         4    #####..
 Passage of Golubria      Tloc           N/A          99%         4    #####..
 Petrify                  Tmut/Erth      #.......     99%         4    #####..
 Sticky Flame             Conj/Fire      #.......     99%         4    #####..
 Blade Hands              Tmut           #.........   100%        5    ######.
 Bolt of Draining         Conj/Necr      #.........   100%        5    ######.
 Bolt of Magma            Conj/Fire/Erth #.........   100%        5    ######.
 Borgnjor's Vile Clutch   Necr/Erth      #.........   100%        5    ######.
 Excruciating Wounds      Chrm/Necr      #.........   100%        5    ######.
 Irradiate                Conj/Tmut      #.........   100%        5    ######.
 Lee's Rapid Deconstruct  Erth           #.........   100%        5    ######.
 Lightning Bolt           Conj/Air       #.........   100%        5    ######.
 Metabolic Englaciation   Hex/Ice        #.........   100%        5    ######.
 Silence                  Hex/Air        #.........   100%        5    ######.
 Bolt of Cold             Conj/Ice       #.........   100%        6    #######
 Darkness                 Hex            #.........   100%        6    #######
 Death Channel            Necr           #.........   100%        6    #######
 Freezing Cloud           Conj/Ice/Air   #.........   100%        6    #######
 Hydra Form               Tmut           #.........   100%        6    #######
 Iron Shot                Conj/Erth      #.........   100%        6    #######
 Ozocubu's Refrigeration  Ice            #.........   100%        6    #######
 Poison Arrow             Conj/Pois      #.........   100%        6    #######
 Shadow Creatures         Summ           N/A          100%        6    #######
 Simulacrum               Ice/Necr       #.........   100%        6    #######
 Statue Form              Tmut/Erth      #........    100%        6    #######
 Dragon Form              Tmut           #.........   100%        7    #######
 Ring of Flames           Chrm/Fire      #.........   100%        7    #######
 Chain Lightning          Conj/Air       #.........   100%        8    #######
 Ignition                 Fire           #.........   100%        8    #######
 Lehudib's Crystal Spear  Conj/Erth      #.........   100%        8    #######
 Dragon's Call            Summ           #.........   100%        9    #######
 Fire Storm               Conj/Fire      #.........   100%        9    #######
 Glaciate                 Conj/Ice       #.........   100%        9    #######
 Shatter                  Erth           #.........   100%        9    #######
 Tornado                  Air            #.........   100%        9    #######


Dungeon Overview and Level Annotations

Branches:
Dungeon (15/15)            Temple (1/1) D:4            Lair (6/6) D:9
 Shoals (4/4) Lair:2       Spider (4/4) Lair:4        Slime (5/5) Lair:6
    Orc (2/2) D:10            Elf (3/3) Orc:2        Vaults (4/5) D:13
  Crypt (0/3) Vaults:3     Depths (3/5) D:15

Altars:
Ashenzari
Cheibriados
Dithmenos
Elyvilon
Fedhas
Gozag
Hepliaklqana
Kikubaaqudgha
Makhleb
Nemelex Xobeh
Okawaru
Qazlal
Ru
Sif Muna
Trog
Uskayaw
Vehumet
Wu Jian
Xom
Yredelemnul
Zin
The Shining One
Beogh

Shops:
D:6 [   D:13 !   Orc:2 *([[?   Elf:1 =}=   Elf:3 (   Vaults:2 *   Vaults:4 %

Portals:
Hell: Depths:1 Depths:2 Depths:3
Abyss: Depths:3
Pandemonium: Depths:2 Depths:3
Trove: Elf:1 (give 18 scrolls of identify)

Annotations:
D:12 3 runed doors, Vesto's ghost, journeyman GrFi; stburah's ghost, novice FoFi
Lair:3 exclusion: oklob plant
Shoals:4 Ilsuiw
Depths:3 Wolly's ghost, veteran GrFi


Innate Abilities, Weirdness & Mutations

You have razor-sharp teeth.
You heal very quickly.
When hurt, damage is shared between your health and your magic reserves.
Your bite disrupts and absorbs the magic of your enemies.
Potions cannot restore your health.
You are immune to rotting.
You have sharp toenails.
You are clumsy. (Dex -2)
You occasionally shout uncontrollably at your foes.


Message History

You are splashed with acid!
The acid burns!
You resist.
* * * LOW HITPOINT WARNING * * *
A slime creature comes into view.
The acid blob spits acid at you. The splash of acid misses you.
The acid blob spits acid at you.
The splash of acid reflects off an invisible shield around you!
The splash of acid hits the acid blob.
The acid blob completely resists.
The acid blob spits acid at you. The splash of acid hits you! You resist.
* * * LOW HITPOINT WARNING * * *
You are splashed with acid!
The acid burns!
You resist.
* * * LOW HITPOINT WARNING * * *
The eye of draining gazes at you.
You feel your power leaking away.
As you read the scroll of fog, it crumbles to dust.
The scroll dissolves into smoke.
You block the acid blob's attack.
A shining eye comes into view.
The acid blob hits you!!
You die...

,,,,,,,,.................,,,,,,,,
,,,,,,,,.................,,,,,,,,
,,,,,,,,...J.............,,,,,,,,
,,,,,,,,.................,,,,,,,,
,,,,,,,,.....JJ..........,,,,,,,,
,,,,,,,,.G...............,,,,,,,,
,,,,,,,,.......JGJJJ.....,,,,,,,,
,,,,,,,,......J§JJJ......,,,,,,,,
*,*,,,,,.......§@J.......,,,,,,,,
****,,,,.......§§.G......,,,,,,,,
*,,,,,.......J.......J.,,,,,,,,
***,,,.....J...........,,,,,,,,
**,,.........J...G...,,,,,,,,
*,,,................,,,,,,,,
****................,,,,,,,,
*,...............,,,,,,,,,
**,,,,,,,,,,,,,,,,,,,,,,,,


You could see 7 acid blobs, a very large slime creature (fleeing), 2 large slime
creatures, 6 slime creatures, a shining eye, an eye of devastation, an eye of
draining and a floating eye (fleeing).

Vanquished Creatures
  the Royal Jelly (Slime:5)
  Saint Roka (Orc:2)
  Xtahua (Vaults:2)
  A caustic shrike (Depths:2)
  A tentacled monstrosity (Depths:2)
  Jorgrun (Spider:1)
  2 liches (Depths:2)
  2 deep elf master archers (Elf:3)
  A deep elf blademaster (Elf:3)
  11 acid blobs
  Gastronok (D:12)
  A sphinx (Depths:2)
  Polyphemus (Shoals:4)
  The ghost of Execuda the Fencer, an adept DrBe of Trog (Spider:3)
  4 tengu reavers
  A large abomination (Vaults:4)
  4 fire giants
  2 azure jellies (Slime:2)
  9 frost giants
  An orc warlord (Vaults:4)
  9 deep elf sorcerers
  7 deep elf elementalists
  3 ghost moths (Spider:4)
  7 emperor scorpions
  Louise (Shoals:1)
  10 vault wardens
  A ghoul (Vaults:3)
  17 very ugly things
  11 ironheart preservers
  A reaper (Depths:2)
  5 entropy weavers
  A spriggan defender (Depths:2)
  Nessos (D:15)
  16 stone giants
  6 deep elf demonologists
  9 deep elf annihilators
  A minotaur (Lab)
  An eidolon (Vaults:3)
  12 deep elf death magi
  3 ettins
  2 merfolk javelineers
  A deep elf high priest (Elf:3)
  6 great orbs of eyes
  6 fire dragons
  6 merfolk impalers
  10 yaktaur captains
  7 vault guards
  Erolcha (D:11)
  12 ogre magi
  8 hydras
  5 ice dragons
  A hell beast (Depths:1)
  5 spriggan air magi
  3 rakshasas
  2 peacekeepers (Vaults:3)
  3 death knights
  A merfolk avatar (Shoals:2)
  7 centaur warriors
  5 merfolk aquamancers
  2 satyrs
  Erica (Lair:1)
  24 dancing weapons
  8 death yaks
  The ghost of schwarznadel the Basher, a novice MiFi (D:9)
  2 tengu warriors (Depths:2)
  49 two-headed ogres
  2 deep troll earth magi
  2 spriggan berserkers
  An orc high priest (Elf:1)
  2 vampire magi
  A deep troll shaman (Depths:2)
  Nergalle (Lair:4)
  27 deep elf knights
  A soul eater (Depths:1)
  6 hell knights (Depths:1)
  A spriggan (Depths:3)
  3 shadow wraiths
  A sun demon (Depths:2)
  6 skeletal warriors
  A spriggan druid (Depths:1)
  5 unseen horrors
  A death drake (shapeshifter) (D:15)
  2 flayed ghosts
  4 wizards
  15 deep trolls
  11 ironbrand convokers
  9 sea snakes
  7 deep elf archers
  3 glowing orange brains
  Pikel (D:7)
  12 orc knights
  The ghost of Wolly the Basher, a novice GrFi of Okawaru (D:7)
  32 harpies
  A wolf spider zombie (D:14)
  40 ugly things
  12 orb spiders
  5 necromancers
  4 orc sorcerers
  3 phantasmal warriors (Vaults:1)
  A manticore (shapeshifter) (D:13)
  85 deep elf magi
  2 mana vipers (shapeshifter)
  32 wolf spiders
  12 manticores
  5 cyclopes
  5 elephants (Lair:4)
  13 fauns
  Maurice (D:12)
  A shining eye (Slime:2)
  3 centaur zombies
  2 moths of wrath (Spider:3)
  8 merfolk sirens
  2 rust devils
  A molten gargoyle (Lair:6)
  4 water nymphs
  7 black mambas
  Psyche (D:8)
  A guardian serpent (shapeshifter) (Vaults:4)
  A torpor snail (shapeshifter) (Vaults:2)
  15 vault sentinels
  A gargoyle (D:11)
  An eye of devastation (Slime:5)
  A kobold demonologist (D:15)
  A torpor snail (Spider:4)
  8 spiny frogs
  A rime drake (IceCv)
  An ice devil (Depths:1)
  8 freezing wraiths
  11 komodo dragons
  A yaktaur (shapeshifter) (Vaults:4)
  An efreet (D:14)
  14 demonic crawlers
  5 red devils
  2 tengu conjurers
  A troll (shapeshifter) (Vaults:2)
  34 yaktaurs
  7 hornets
  19 merfolk
  5 wind drakes
  21 jumping spiders
  14 polar bears (IceCv)
  A queen bee (shapeshifter) (Vaults:1)
  7 trolls
  2 saltlings (Vaults:3)
  9 snapping turtles
  2 hippogriffs (shapeshifter)
  10 hippogriffs
  13 blink frogs
  64 slime creatures
  2 dream sheep (Shoals:1)
  2 fire giant simulacra
  64 redbacks
  27 tarantellas
  2 tarantellas (shapeshifter)
  15 water elementals
  An air elemental (Elf:3)
  A shadow (D:13)
  7 wyverns
  4 basilisks
  3 fire elementals
  4 wraiths
  A yak (shapeshifter) (Depths:2)
  2 hogs (shapeshifter)
  33 yaks
  2 chaos spawn (Depths:2)
  4 vampire mosquitoes
  Grum (Lair:1)
  A human (shapeshifter) (Elf:2)
  4 hungry ghosts
  9 wargs
  A warg (shapeshifter) (D:15)
  3 acid dragons
  13 water moccasins
  A water moccasin (shapeshifter) (Vaults:1)
  4 hell hounds (Lair:6)
  11 porcupines
  A swamp drake (D:6)
  A sky beast (shapeshifter) (Vaults:2)
  3 hornet zombies
  37 ogres
  50 orc warriors
  2 eyes of draining (shapeshifter)
  A phantom (D:11)
  4 sky beasts
  A black bear (Depths:1)
  3 boggarts (D:15)
  5 eyes of draining
  33 wolves
  14 ice beasts
  14 centaurs
  14 crocodiles
  6 big kobolds
  3 earth elementals
  19 bullfrogs
  A gnoll sergeant (Orc:2)
  2 wyvern zombies
  6 scorpions
  A wyvern skeleton (D:14)
  17 killer bees
  4 wights
  5 howler monkeys
  A spriggan skeleton (Lab)
  9 crimson imps
  2 quasits
  3 hounds
  A bullfrog zombie (D:5)
  3 jellies
  38 orc wizards
  2 bullfrog skeletons
  11 centaur skeletons
  27 orc priests
  3 iguanas
  11 worker ants
  A killer bee zombie (D:9)
  An ogre skeleton (Lab)
  2 hound skeletons
  2 worker ant zombies
  5 gnolls (Orc:2)
  A howler monkey skeleton (D:11)
  20 adders
  8 river rats
  A shadow imp (D:10)
  6 oozes (Sewer)
  7 worms
  2 dart slugs
  9 leopard geckos
  115 orcs
  8 ball pythons
  4 giant cockroaches
  4 goblins
  5 hobgoblins
  4 jackals (D:2)
  3 quokkas
  4 bats
  5 frilled lizards
  A jackal skeleton (D:6)
  30 kobolds
  A quokka zombie (D:7)
  14 rats
  A crawling corpse (Vaults:4)
  A plant (Shoals:4)
1882 creatures vanquished.

Vanquished Creatures (collateral kills)
  An emperor scorpion (Spider:3)
  A phantasmal warrior (D:14)
2 creatures vanquished.

Vanquished Creatures (others)
  A fire dragon (Vaults:4)
  A merfolk aquamancer (Shoals:4)
  2 centaur warriors
  A satyr (Shoals:4)
  2 deep elf knights
  A deep elf archer (Elf:2)
  A cyclops (Shoals:4)
  A deep elf mage (Elf:1)
  2 fauns
  5 yaktaurs
  2 polar bears (IceCv)
  2 yaks (IceCv)
  A slave (D:7)
  An ogre (D:4)
  2 wolves (IceCv)
  8 centaurs
  A crimson imp (D:12)
  An iguana (D:7)
  An orc wizard (D:11)
  A worker ant (D:7)
  2 adders
  2 orcs (D:7)
  A crawling corpse (Vaults:4)
  7 fungi
  5 pillars of salt (Vaults:3)
  13 plants
  3 withered plants (D:12)
70 creatures vanquished.

Grand Total: 1954 creatures vanquished

Notes
Turn   | Place    | Note
-------+----------+-------------------------------------------
     0 | D:1      | Nurxa the Vine Stalker Fighter began the quest for the Orb.
     0 | D:1      | Reached XP level 1. HP: 11/11 MP: 2/2
   430 | D:1      | Reached XP level 2. HP: 16/16 MP: 3/3
   841 | D:2      | Reached XP level 3. HP: 19/19 MP: 4/4
   849 | D:2      | Found an ornate altar of the Wu Jian Council.
  1194 | D:2      | Gained mutation: Your natural rate of healing is unusually
                  | fast. [Vine Stalker growth]
  1194 | D:2      | Reached XP level 4. HP: 18/23 MP: 5/5
  1697 | D:3      | Reached skill level 1 in Stealth
  1804 | D:3      | Reached skill level 2 in Stealth
  1804 | D:3      | Reached XP level 5. HP: 26/27 MP: 3/6
  1901 | D:3      | Found a shimmering altar of Xom.
  1926 | D:3      | Reached skill level 3 in Stealth
  1939 | D:3      | Reached skill level 4 in Stealth
  2060 | D:3      | Reached skill level 5 in Stealth
  2060 | D:3      | Reached XP level 6. HP: 32/32 MP: 7/7
  2661 | D:4      | Reached skill level 6 in Stealth
  2715 | D:4      | Found a staircase to the Ecumenical Temple.
  2725 | Temple   | Entered the Ecumenical Temple
  2800 | Temple   | Became a worshipper of Uskayaw the Reveler
  2859 | D:4      | Reached * piety under Uskayaw
  2864 | D:4      | Reached ** piety under Uskayaw
  2875 | D:4      | Reached *** piety under Uskayaw
  2879 | D:4      | Reached **** piety under Uskayaw
  2897 | D:4      | Noticed an orc warrior
  2914 | D:4      | Killed an orc warrior
  2914 | D:4      | Reached XP level 7. HP: 28/37 MP: 6/8
  3230 | D:4      | Reached skill level 5 in Fighting
  3502 | D:5      | Entered Level 5 of the Dungeon
  3598 | D:4      | Gained mutation: You have razor-sharp teeth. [Vine Stalker
                  | growth]
  3598 | D:4      | Reached XP level 8. HP: 38/44 MP: 9/9
  3855 | D:5      | Reached skill level 1 in Invocations
  4210 | D:6      | Reached skill level 7 in Stealth
  4308 | D:6      | Found a glowing drain.
  4315 | Sewer    | Entered a sewer
  4753 | Sewer    | Reached skill level 8 in Stealth
  4811 | Sewer    | Reached XP level 9. HP: 49/50 MP: 12/12
  5246 | D:6      | Reached skill level 9 in Stealth
  5306 | D:6      | Found Tuifuun's Antique Armour Shoppe.
  6096 | D:7      | Noticed Pikel
  6111 | D:7      | Killed Pikel
  6111 | D:7      | Reached skill level 10 in Stealth
  6111 | D:7      | Reached skill level 5 in Invocations
  6150 | D:7      | HP: 1/50 [orc warrior/dire flail (13)]
  6482 | D:7      | Found a runed gate.
  6482 | D:7      | Found a runed gate.
  6493 | D:7      | Found a runed gate.
  6493 | D:7      | Noticed a harpy
  6514 | D:7      | Reached skill level 11 in Stealth
  6539 | D:7      | Noticed Wolly's ghost (novice GrFi)
  6618 | D:7      | Reached XP level 10. HP: 55/55 MP: 15/15
  6970 | D:7      | Reached skill level 12 in Stealth
  6993 | D:7      | Reached ***** piety under Uskayaw
  7318 | D:8      | Noticed Psyche
  7321 | D:8      | Killed Psyche
  7421 | D:8      | Reached skill level 13 in Stealth
  7525 | D:8      | Got a warped cloak
  7536 | D:8      | Identified the +3 cloak of the Gate {*Contam rElec rF+
                  | Regen+} (You found it on level 8 of the Dungeon)
  8114 | D:9      | Found a stormy altar of Qazlal.
  8114 | D:9      | Found a radiant altar of Vehumet.
  8117 | D:9      | Found a blossoming altar of Fedhas.
  8175 | D:9      | Reached skill level 14 in Stealth
  8224 | D:9      | Found a staircase to the Lair.
  8247 | D:9      | Reached skill level 15 in Stealth
  8247 | D:9      | Reached XP level 11. HP: 37/58 MP: 13/17
  8610 | D:9      | Found a runed gate.
  8611 | D:9      | Found a runed gate.
  8611 | D:9      | Found a runed gate.
  8613 | D:9      | Noticed schwarznadel's ghost (novice MiFi)
  8732 | D:9      | Found a roughly hewn altar of Beogh.
  8775 | D:10     | Entered Level 10 of the Dungeon
  8803 | D:10     | Noticed a five-headed hydra
  8810 | D:10     | Found a staircase to the Orcish Mines.
  8963 | D:11     | Noticed Erolcha
  8969 | D:11     | Killed Erolcha
  8969 | D:11     | Reached skill level 16 in Stealth
  9222 | D:11     | Noticed a four-headed hydra
  9228 | D:11     | Killed a four-headed hydra
  9288 | D:11     | Noticed a manticore
  9295 | D:11     | Killed a manticore
  9335 | D:11     | Noticed a manticore
  9347 | D:11     | Killed a manticore
  9347 | D:11     | Reached skill level 17 in Stealth
 10179 | Lair:1   | Entered Level 1 of the Lair of Beasts
 10338 | Lair:1   | Reached skill level 18 in Stealth
 10405 | Lair:1   | Gained mutation: You heal very quickly. [Vine Stalker
                  | growth]
 10405 | Lair:1   | Reached XP level 12. HP: 63/63 MP: 18/18
 10483 | Lair:1   | Noticed Grum
 10542 | Lair:1   | Killed Grum
 10547 | Lair:1   | Noticed Erica
 10610 | Lair:1   | Killed Erica
 11095 | Lair:2   | Found a staircase to the Shoals.
 11588 | Lair:2   | Reached skill level 10 in Invocations
 11965 | Lair:3   | Reached skill level 1 in Dodging
 12589 | Lair:4   | Found a hole to the Spider Nest.
 12608 | Lair:4   | Got a distressingly furry robe
 12619 | Lair:4   | Identified the +0 robe of Patterns {rC++ Dex+6} (You found
                  | it on level 4 of the Lair of Beasts)
 12715 | Lair:4   | Reached skill level 5 in Dodging
 12826 | Lair:4   | Reached XP level 13. HP: 67/67 MP: 21/21
 12928 | Lair:4   | Noticed Nergalle
 12936 | Lair:4   | Killed Nergalle
 13902 | Lair:6   | Entered Level 6 of the Lair of Beasts
 14253 | Lair:6   | Reached skill level 5 in Shields
 14452 | Lair:6   | Found a staircase to the Slime Pits.
 14952 | Lair:6   | Noticed a fire dragon
 15160 | D:10     | Reached XP level 14. HP: 72/72 MP: 22/22
 15746 | D:12     | Noticed Maurice
 15767 | D:12     | Killed Maurice
 15884 | D:12     | Found a runed gate.
 15887 | D:12     | Found a runed gate.
 15887 | D:12     | Found a runed gate.
 15891 | D:12     | Noticed stburah's ghost (novice FoFi)
 15892 | D:12     | Noticed Vesto's ghost (journeyman GrFi)
 16168 | D:12     | Noticed Gastronok
 16189 | D:12     | Killed Gastronok
 16189 | D:12     | Reached skill level 10 in Shields
 16655 | D:13     | Found Femia's Distillery.
 16670 | D:13     | Bought a potion of invisibility for 80 gold pieces
 17081 | D:13     | Noticed a dire elephant
 17081 | D:13     | a minotaur changed into a dire elephant
 17082 | D:13     | a dire elephant changed into an alligator snapping turtle
 17087 | D:13     | Noticed a quicksilver dragon
 17087 | D:13     | an alligator snapping turtle changed into a quicksilver
                  | dragon
 17096 | D:13     | Noticed an acid blob
 17182 | Orc:1    | Entered Level 1 of the Orcish Mines
 17221 | Orc:1    | Found a frozen archway.
 17251 | IceCv    | Entered an ice cave
 17508 | IceCv    | Reached ****** piety under Uskayaw
 17602 | IceCv    | Noticed a frost giant
 17628 | IceCv    | Killed a frost giant
 17628 | IceCv    | Reached XP level 15. HP: 59/75 MP: 17/23
 17726 | IceCv    | Identified the Volume of Heat
 17733 | IceCv    | Got a bone shortbow
 17822 | Orc:1    | Identified the +9 shortbow of Ruideon {flame, rElec Dex+2}
                  | (You found it in an ice cave)
 18310 | Orc:2    | Entered Level 2 of the Orcish Mines
 18356 | Orc:2    | Found a staircase to the Elven Halls.
 18421 | Orc:2    | Found a roughly hewn altar of Beogh.
 18454 | Orc:2    | Found Optoum's Antique Armour Shoppe.
 18488 | Orc:2    | Bought a runed shield for 195 gold pieces
 18571 | Orc:2    | Found a radiant altar of Vehumet.
 18614 | Orc:2    | Found a roughly hewn altar of Beogh.
 18615 | Orc:2    | Found Ziddo's Magic Scroll Shoppe.
 18709 | Orc:2    | Found a roughly hewn altar of Beogh.
 18765 | Orc:2    | Noticed Saint Roka
 18985 | Spider:1 | Entered Level 1 of the Spider Nest
 19752 | Spider:1 | Noticed Jorgrun
 19759 | Spider:1 | Killed Jorgrun
 20550 | Spider:2 | Got a polished dagger
 20551 | Spider:2 | Identified the +7 dagger of the Final Decision {pierce,
                  | Fragile rElec rPois MP+9} (You found it on level 2 of the
                  | Spider Nest)
 20859 | Spider:2 | Reached skill level 15 in Shields
 21165 | Spider:3 | Reached skill level 5 in Short Blades
 21250 | Spider:3 | Noticed an emperor scorpion
 21277 | Spider:3 | Killed an emperor scorpion
 21319 | Spider:3 | Found a runed gate.
 21319 | Spider:3 | Found a runed gate.
 21319 | Spider:3 | Found a runed gate.
 21319 | Spider:3 | Noticed Execuda's ghost (adept DrBe)
 21329 | Spider:3 | Reached XP level 16. HP: 80/80 MP: 24/24
 21339 | Spider:3 | Killed Execuda's ghost
 22187 | Spider:4 | Entered Level 4 of the Spider Nest
 22971 | D:7      | Killed Wolly's ghost
 22971 | D:7      | Reached skill level 10 in Short Blades
 23118 | D:9      | Killed schwarznadel's ghost
 23158 | D:9      | Got an encrusted helmet
 23169 | D:9      | Identified the +0 helmet of Depression {Int+7} (You found
                  | it on level 9 of the Dungeon)
 23205 | D:9      | Got a twisted mace {flame}
 23205 | D:9      | Got a slimy plate armour
 23299 | Shoals:1 | Entered Level 1 of the Shoals
 23300 | Shoals:1 | Noticed Louise
 23312 | Shoals:1 | Cast into level 3 of the Abyss (Louise)
 23312 | Abyss:3  | Found a corrupted altar of Lugonu.
 23331 | Shoals:1 | Escaped the Abyss
 23361 | Shoals:1 | Killed Louise
 24346 | Shoals:2 | Reached XP level 17. HP: 78/84 MP: 26/26
 24646 | Shoals:3 | Reached skill level 10 in Dodging
 25057 | Shoals:4 | Entered Level 4 of the Shoals
 25229 | Shoals:4 | Noticed Polyphemus
 25504 | Shoals:4 | Noticed Ilsuiw
 25594 | Shoals:4 | Identified a scroll of acquirement
 25668 | Shoals:4 | Killed Polyphemus
 25753 | Shoals:4 | Got a barnacled rune of Zot
 25811 | Shoals:4 | Identified Sif Muna's Grimoire of Fetching Combat Magic
 26393 | Spider:4 | Reached XP level 18. HP: 84/88 MP: 29/29
 26429 | Spider:4 | Got a gossamer rune of Zot
 26804 | D:14     | Found a runed door.
 27022 | D:14     | Found a sacrificial altar of Ru.
 27530 | D:14     | Identified The Compendium of Greatest Risks and Utility
 27586 | D:15     | Entered Level 15 of the Dungeon
 27626 | D:15     | Noticed Nessos
 27642 | D:15     | Killed Nessos
 27683 | D:15     | Found a labyrinth entrance.
 27697 | Lab      | Entered a labyrinth
 27828 | Lab      | Got an encrusted chain mail
 27829 | Lab      | Identified the +2 chain mail "Ziaprir" {MP+9 Str+3 Int-5}
                  | (You found it in a labyrinth)
 28523 | D:15     | Found a staircase to the Depths.
 28591 | D:15     | Found a glowing golden altar of the Shining One.
 28848 | Orc:2    | Found a roughly hewn altar of Beogh.
 28888 | Orc:2    | Found a roughly hewn altar of Beogh.
 28921 | Orc:2    | Found a roughly hewn altar of Beogh.
 28922 | Orc:2    | Found Zoschaun's General Store.
 29011 | Orc:2    | Killed Saint Roka
 29011 | Orc:2    | Reached skill level 15 in Invocations
 29064 | Orc:2    | Found a roughly hewn altar of Beogh.
 29064 | Orc:2    | Found Suof's Antique Weapon Shop.
 29079 | Orc:2    | Found Kewos's Antique Armour Boutique.
 29186 | Orc:2    | Bought an ancient helmet for 304 gold pieces
 29186 | Orc:2    | Bought a pair of heavily runed gloves for 304 gold pieces
 29186 | Orc:2    | Identified the cursed +0 helmet of Satisfaction {MR+ Regen+
                  | MP+9 Dex+4} (You bought it in a shop on level 2 of the
                  | Orcish Mines)
 29187 | Orc:2    | Identified the +2 pair of gloves of Autumn {SInv} (You
                  | bought it in a shop on level 2 of the Orcish Mines)
 29212 | Orc:2    | Bought a jacinth-encrusted scale mail for 288 gold pieces
 29212 | Orc:2    | Identified the +2 scale mail "Bibok" {+Blink rN+++ MP+9
                  | Int-2} (You bought it in a shop on level 2 of the Orcish
                  | Mines)
 29218 | Orc:2    | Bought a transparent scale mail for 288 gold pieces
 29218 | Orc:2    | Identified the cursed +0 scale mail of the Vacuum {Regen+
                  | Str+3 Stlth-} (You bought it in a shop on level 2 of the
                  | Orcish Mines)
 29226 | Orc:2    | Bought a bloodstained scale mail for 288 gold pieces
 29227 | Orc:2    | Identified the +1 scale mail "Gipaas" {*Corrode Int+4 SInv}
                  | (You bought it in a shop on level 2 of the Orcish Mines)
 29399 | Depths:1 | Entered Level 1 of the Depths
 29715 | Depths:1 | Upgraded the game from 0.23-a0-143-g1adec7bb76 to
                  | 0.23-a0-150-g7664ed78f7
 29781 | Depths:1 | Found a gateway to Hell.
 30260 | Depths:1 | Reached XP level 19. HP: 92/92 MP: 31/31
 30501 | Depths:2 | Found a one-way gate leading to the halls of Pandemonium.
 31242 | Depths:2 | Noticed a tentacled monstrosity
 31261 | Depths:2 | Noticed a caustic shrike
 31268 | Depths:2 | Killed a caustic shrike
 31312 | Depths:2 | Killed a tentacled monstrosity
 31356 | Depths:2 | Got a sparkling turquoise ring
 31357 | Depths:2 | Identified the ring of Dyaprusigh {*Tele Int+3} (You found
                  | it on level 2 of the Depths)
 31461 | Depths:2 | Noticed a lich
 31478 | Depths:2 | Killed a lich
 31521 | Depths:2 | Reached XP level 20. HP: 97/97 MP: 33/33
 32057 | Depths:3 | Found a runed gate.
 32058 | Depths:3 | Found a runed gate.
 32059 | Depths:3 | Found a runed gate.
 32088 | Depths:3 | Noticed Wolly's ghost (veteran GrFi)
 32133 | Depths:3 | Found a one-way gate to the infinite horrors of the Abyss.
 32494 | D:13     | Found a gate to the Vaults.
 32506 | Vaults:1 | Entered Level 1 of the Vaults
 33468 | Vaults:1 | Reached skill level 10 in Fighting
 33807 | Vaults:2 | Noticed Xtahua
 33813 | Vaults:2 | Killed Xtahua
 33816 | Vaults:2 | Reached XP level 21. HP: 87/108 MP: 35/35
 34023 | Vaults:2 | Reached XP level 22. HP: 116/116 MP: 36/36
 34719 | Vaults:2 | Found Jat Gys's General Store.
 35024 | Vaults:3 | Found a ruined gateway.
 35033 | Desolati | Entered the Desolation of Salt
 35119 | Vaults:3 | Reached skill level 19 in Stealth
 35779 | Vaults:3 | Reached skill level 20 in Stealth
 35805 | Vaults:3 | Found a staircase to the Crypt.
 36441 | Vaults:4 | Reached skill level 21 in Stealth
 36519 | Vaults:4 | Found Voameno's Food Emporium.
 36590 | Vaults:4 | Reached XP level 23. HP: 122/122 MP: 37/37
 36684 | Vaults:4 | Reached skill level 22 in Stealth
 37202 | Vaults:4 | Reached skill level 23 in Stealth
 38013 | Elf:1    | Entered Level 1 of the Elven Halls
 38067 | Elf:1    | Found a portal to a secret trove of treasure.
 38197 | Elf:1    | Found a shimmering altar of Xom.
 38353 | Elf:1    | Found Likaot's Jewellery Shop.
 38353 | Elf:1    | Found Ziaqoh's Gadget Emporium.
 38355 | Elf:1    | Found Beto's Jewellery Shop.
 38365 | Elf:1    | Bought the amulet "Binyrha" {Reflect rF+ SH+2} for 344 gold
                  | pieces
 38683 | Elf:1    | Reached XP level 24. HP: 127/127 MP: 38/38
 40089 | Elf:2    | Found a huge runed gate.
 40089 | Elf:2    | Found a huge runed gate.
 40089 | Elf:2    | Found a huge runed gate.
 40092 | Elf:2    | Found a huge runed gate.
 40093 | Elf:2    | Found a huge runed gate.
 40539 | Elf:3    | Entered Level 3 of the Elven Halls
 40855 | Elf:2    | Upgraded the game from 0.23-a0-150-g7664ed78f7 to
                  | 0.23-a0-151-gf6d1ed2717
 41253 | Elf:3    | Got a coiled jade ring
 41256 | Elf:3    | Identified the ring of Salvation {rPois rC- rN+ MR+ Str+5}
                  | (You took it off a deep elf mage on level 3 of the Elven
                  | Halls)
 41416 | Elf:3    | Identified the Volume of Unholy Earth
 41418 | Elf:3    | Identified the Guide on Lucky Poison
 41431 | Elf:3    | Got a citrine-encrusted scale mail
 41453 | Elf:3    | Got a faintly humming chain mail
 41470 | Elf:3    | Identified the +5 chain mail of the Jabberwock {rN+ Int-4
                  | Slay+3} (You found it on level 3 of the Elven Halls)
 41480 | Elf:3    | Identified the +4 scale mail of Hepija {rC+} (You found it
                  | on level 3 of the Elven Halls)
 41616 | Elf:3    | Found Faycoank's Antique Weapon Shoppe.
 41935 | Elf:3    | Reached skill level 15 in Fighting
 42566 | Slime:1  | Entered Level 1 of the Pits of Slime
 42750 | Slime:2  | Gained mutation: Scrolls take you a little longer to read.
                  | [a shining eye]
 42752 | Slime:2  | Gained mutation: Your magical capacity is low. (-10% MP) [a
                  | shining eye]
 42762 | Slime:2  | Reached XP level 25. HP: 139/139 MP: 34/34
 42815 | Slime:5  | Entered Level 5 of the Pits of Slime
 42840 | Slime:5  | Lost mutation: Your magical capacity is low. (-10% MP)
                  | [potion of mutation]
 42840 | Slime:5  | Lost mutation: Scrolls take you a little longer to read.
                  | [potion of mutation]
 42840 | Slime:5  | Gained mutation: You occasionally shout uncontrollably at
                  | your foes. [potion of mutation]
 42840 | Slime:5  | Gained mutation: You are clumsy. (Dex -2) [potion of
                  | mutation]
 42840 | Slime:5  | Gained mutation: You have sharp toenails. [potion of
                  | mutation]
 42872 | Slime:5  | Noticed the Royal Jelly
 42879 | Slime:5  | Killed the Royal Jelly
 42894 | Slime:5  | Paralysed by a floating eye for 2 turns
 42900 | Slime:5  | HP: 7/142 [acid (2)]
 42902 | Slime:5  | Annihilated by an acid blob

Vault maps used:
D:1:      dpeg_arrival_windows_large_door
D:2:      kennysheep_big_flooded_room, overflow_temple_1_default,
          minmay_misc_feat_alley
D:3:      first_ration, led_xom_imps
D:4:      minmay_temple_entry_junction, guppyfry_early_orc_mine
D:5:      serial_curves, eino_curves_04, eino_curves_01, eino_curves_03,
          eino_curves_01
D:6:      serial_shops, shop, lightli_sewer_entry_pipes
D:7:      gammafunk_ghost_split, grunt_ogre_cave, uniq_pikel
D:8:      feat_on_display, uniq_psyche
D:9:      nicolae_overflow_hidden_temple, minmay_lair_entry_grove,
          biasface_ghost_orc_armoury, hangedman_decor_riveting
D:10:     orc_0_dummy, minmay_checkerbox
D:11:     uniq_erolcha
D:12:     kennysheep_blocky_hall, gammafunk_ghost_cemetery, uniq_gastronok,
          uniq_maurice
D:13:     david_vaults_4, serial_shops, shop_statue
D:14:     nicolae_ru_awakened_eye, lightli_airlock
D:15:     gammafunk_enter_depths_forms, lab_entry_generic,
          kennysheep_flooded_box, uniq_nessos
Temple:   regret_index_temple_mists
Lair:1:   minmay_stone_trees_small, uniq_grum, uniq_erica
Lair:2:   elwin_shoals_entry_rocks, beast_lair_carwin_11
Lair:3:   minmay_lair_oklob_chamber
Lair:4:   nicolae_spider_entry_tight_spaces, uniq_nergalle
Lair:5:   grunt_megastairs_4
Lair:6:   cheibrodos_lair_end_hotspot, slime_dummy, serial_bayou_shore_b
Shoals:1: uniq_louise
Shoals:4: shoals_end_hangedman, shoals_ilsuiw_ice, overgrown_hall,
          uniq_polyphemus
Spider:1: uniq_jorgrun
Spider:3: ebering_ghost_rock_garden, nicolae_spider_cling_halls
Spider:4: grunt_spider_rune_circles
Slime:1:  nicolae_slime_barrier, cheibrodos_slime_lost_civilization_6
Orc:1:    portal_ice_cave_entry_ice_beasts
Orc:2:    grunt_orc_community_town_hall, grunt_orc_community_big_house_1,
          grunt_orc_community_big_house_1, grunt_orc_community_house_1,
          grunt_orc_community_house_2, grunt_orc_community_house_2,
          grunt_orc_community_house_3, grunt_orc_community_house_2, basic_altar,
          serial_shops, nicolae_shop_waterfront
Elf:1:    eino_elf_arrival_the_gate, nicolae_trove_entry_free_sample,
          basic_altar, hangedman_corner_corridor, minmay_shop_grove
Elf:2:    minivault_5, einodemon_armed_red_devil_minivault
Elf:3:    minmay_elf_hall_quartered_circle, serial_shops, shop_fountains,
          minivault_26
Vaults:1: ontoclasm_vaults_pinch, v_misc_27, vaults_dpeg_cross,
          nicolae_vaults_holding_cells, dpeg_vaults_monster_box,
          ontoclasm_vaults_chip
Vaults:2: ontoclasm_vaults_hangar, v_misc_27, v_misc_22,
          hangedman_vaults_impose, hangedman_vaults_slither,
          vaults_standard_mumra_lines, nicolae_vaults_little_squares_2,
          hangedman_vaults_variations, nicolae_vaults_network_periphery,
          nicolae_vaults_theta, nicolae_vaults_gold_heap,
          grunt_vaults_hallway_short, hangedman_vaults_maws,
          ontoclasm_vaults_twist, serial_shops, shop, uniq_xtahua
Vaults:3: v_misc_9, hangedman_vaults_corner_blocks,
          minmay_crypt_entry_simple_corners, nicolae_vaults_three_branches,
          v_misc_26, hangedman_vaults_pinch, nicolae_vaults_sealed_display,
          ontoclasm_vaults_ring_square, vaults_dpeg_encased_lava,
          nicolae_vaults_asterisk, v_misc_18, vaults_room_pools,
          vaults_room_pools, vaults_dpeg_hooks, portal_desolation_entry_garden
Vaults:4: vaults_mumra_bighexcomb, v_misc_10, hangedman_vaults_unwind,
          vaults_mumra_minichess_inversion, grunt_vaults_focal,
          nicolae_vaults_what_the_h, v_misc_14, vaults_mumra_minichess,
          v_alt_pattern_6, serial_shops, nicolae_shop_crystal
Depths:1: kennysheep_big_empty_room, grunt_mini_vestibule,
          kilobyte_rumbling_trees
Depths:2: evilmike_diamond_1, hell_entry, minmay_misc_feat_diagonals,
          rand_demon_pan_entry_1
Depths:3: kennysheep_snake, hell_entry, abyss_entry, ebering_ghost_rock_garden,
          pan_entry, kennysheep_decorative_pillar, kennysheep_small_square
Lab:      nicolae_lab_stuck, lab_statue, nicolae_lab_quarters
Sewer:    sewer_co_tree
IceCv:    ice_cave_caverns_03

Skill      XL: |  1  2  3  4  5  6  7  8  9 10 11 12 13 14 15 16 17 18 19 20 21 22 23 24 25 |
---------------+----------------------------------------------------------------------------+-----
Short Blades   | 2 3 4 6 10 12 | 12.0
Stealth        | 2 5 6 8 11 15 18 21 23 | 23.0
Fighting       | 4 6 7 10 12 13 16 17 | 17.8
Invocations    | 3 5 7 10 11 13 15 17 19 20 21 | 21.0
Dodging        | 6 9 11 13 14 | 14.5
Shields        | 7 12 15 | 15.0
Armour         | |  2.4

Action                   |  1- 3 |  4- 6 |  7- 9 | 10-12 | 13-15 | 16-18 | 19-21 | 22-24 | 25-27 || total
-------------------------+-------+-------+-------+-------+-------+-------+-------+-------+-------++-------
Melee: Rapier            |    87 |    98 |       |       |       |       |       |       |       ||   185
       Bite              |    23 |    54 |   163 |   188 |   500 |   766 |   579 |   922 |    47 ||  3242
       Dagger            |       |    85 |   463 |   566 |  1079 |  1481 |   893 |  1550 |    59 ||  6176
Throw: Stone             |     1 |    11 |     2 |       |       |       |       |       |       ||    14
       Tomahawk          |       |       |     4 |     6 |     1 |     5 |       |       |       ||    16
       Javelin           |       |       |       |       |       |       |       |     3 |       ||     3
Invok: Grand Finale      |       |       |       |       |     4 |     9 |     9 |     7 |     2 ||    31
       Line Pass         |       |       |       |       |     5 |     3 |       |     4 |       ||    12
       Stomp             |       |       |       |       |       |     4 |       |    28 |     2 ||    34
Evoke: Wand              |       |       |     3 |    20 |    46 |    23 |     5 |       |       ||    97
       Fan of gales      |       |       |       |       |     1 |     1 |     1 |       |     1 ||     4
       Lightning rod     |       |       |       |       |       |     6 |     1 |       |       ||     7
       Phial of floods   |       |       |       |       |       |     1 |     1 |       |       ||     2
       Sack of spiders   |       |       |       |       |       |       |     1 |       |       ||     1
  Use: Scroll            |       |     8 |    10 |    18 |    12 |    22 |     5 |     7 |     4 ||    86
       Potion            |       |     2 |     2 |     1 |     1 |     4 |     1 |       |     3 ||    14
 Stab: Paralysed         |       |     1 |    10 |    26 |    67 |   117 |    92 |   140 |     5 ||   458
       Petrifying        |       |     1 |       |       |       |       |       |       |       ||     1
       Confused          |       |       |     2 |     3 |     3 |     2 |       |     3 |       ||    13
       Sleeping          |       |       |       |    42 |    80 |    63 |    16 |    69 |     4 ||   274
       Distracted        |       |       |       |     4 |     6 |     6 |       |    13 |       ||    29
  Eat: Chunk             |     1 |     3 |     1 |     1 |     4 |     1 |     3 |     8 |       ||    22
       Ration            |       |     1 |     4 |     8 |     9 |    11 |     5 |     9 |       ||    47
Armor: Scale mail        |    24 |       |       |       |       |       |       |       |       ||    24
       Chain mail        |    27 |   100 |   154 |    37 |       |       |       |       |       ||   318
       Robe              |       |       |       |   106 |   112 |    73 |    29 |    31 |     5 ||   356
Dodge: Dodged            |    14 |    30 |    44 |   219 |   747 |   771 |   301 |   527 |    54 ||  2707
Block: Shield            |    31 |    70 |   144 |   247 |   852 |  1034 |   454 |   729 |    51 ||  3612
       Reflection        |       |       |       |       |    10 |    53 |    41 |    71 |     2 ||   177

Table legend:
 A = Non-vault XP
 B = Vault XP
 C = Vault XP percentage of total XP
 D = Non-vault monster count
 E = Vault monster count
 F = Vault count percentage of total count
                 A         B        C        D         E       F
            +---------+---------+-------+---------+---------+-------
      Total |  542192 |  345301 |  38.9 |    1302 |     608 |  31.8
            +---------+---------+-------+---------+---------+-------
        D:1 |      21 |       0 |   0.0 |      13 |       0 |   0.0
        D:2 |      87 |      16 |  15.5 |      27 |       2 |   6.9
        D:3 |      79 |     194 |  71.1 |      20 |       4 |  16.7
        D:4 |     585 |     222 |  27.5 |      16 |       7 |  30.4
        D:5 |     638 |       0 |   0.0 |      17 |       0 |   0.0
        D:6 |     642 |     136 |  17.5 |      15 |      13 |  46.4
        D:7 |    1350 |    2240 |  62.4 |      35 |       7 |  16.7
        D:8 |    1376 |     434 |  24.0 |      26 |       1 |   3.7
        D:9 |    1425 |    3564 |  71.4 |      19 |      27 |  58.7
       D:10 |    3755 |     629 |  14.3 |      22 |       4 |  15.4
       D:11 |    4230 |     997 |  19.1 |      30 |       1 |   3.2
       D:12 |    8533 |    3719 |  30.4 |      53 |       6 |  10.2
       D:13 |    4906 |    1651 |  25.2 |      14 |       4 |  22.2
       D:14 |   11304 |    4152 |  26.9 |      32 |      11 |  25.6
       D:15 |    9310 |    4710 |  33.6 |      21 |      12 |  36.4
     Lair:1 |    2520 |    1224 |  32.7 |      14 |       3 |  17.6
     Lair:2 |    2407 |     405 |  14.4 |      10 |       2 |  16.7
     Lair:3 |    3190 |     344 |   9.7 |      14 |       3 |  17.6
     Lair:4 |    4597 |    2693 |  36.9 |      18 |       9 |  33.3
     Lair:5 |    1348 |    1170 |  46.5 |       7 |       7 |  50.0
     Lair:6 |   14022 |    3272 |  18.9 |      43 |      12 |  21.8
   Shoals:1 |   12803 |    1601 |  11.1 |      33 |       1 |   2.9
   Shoals:2 |    8287 |       0 |   0.0 |      16 |       0 |   0.0
   Shoals:3 |   10309 |       0 |   0.0 |      23 |       0 |   0.0
   Shoals:4 |   14161 |   22461 |  61.3 |      25 |      31 |  55.4
   Spider:1 |   15807 |    3023 |  16.1 |      41 |       1 |   2.4
   Spider:2 |    8476 |       0 |   0.0 |      23 |       0 |   0.0
   Spider:3 |   17707 |    2149 |  10.8 |      46 |       1 |   2.1
   Spider:4 |   11895 |   20144 |  62.9 |      33 |      28 |  45.9
    Slime:1 |   15979 |       0 |   0.0 |      21 |       0 |   0.0
    Slime:2 |   10452 |       0 |   0.0 |      11 |       0 |   0.0
    Slime:4 |    4724 |       0 |   0.0 |       2 |       0 |   0.0
    Slime:5 |    7333 |   15761 |  68.2 |      14 |       3 |  17.6
      Orc:1 |    3778 |    1023 |  21.3 |      29 |       8 |  21.6
      Orc:2 |    1455 |    9407 |  86.6 |      24 |      65 |  73.0
      Elf:1 |   26075 |    6735 |  20.5 |      48 |      10 |  17.2
      Elf:2 |   24147 |   22926 |  48.7 |      33 |      32 |  49.2
      Elf:3 |   15504 |   41487 |  72.8 |      30 |      30 |  50.0
   Vaults:1 |   30412 |   20317 |  40.1 |      63 |      30 |  32.3
   Vaults:2 |   30053 |   27449 |  47.7 |      57 |      36 |  38.7
   Vaults:3 |   27091 |   20985 |  43.6 |      37 |      32 |  46.4
   Vaults:4 |   69841 |   39293 |  36.0 |     113 |      48 |  29.8
   Depths:1 |   34075 |    4086 |  10.7 |      40 |       9 |  18.4
   Depths:2 |   40073 |   39816 |  49.8 |      40 |      31 |  43.7
   Depths:3 |   24199 |    2895 |  10.7 |      33 |       2 |   5.7
        Lab |    1231 |     601 |  32.8 |       1 |       6 |  85.7
      Sewer |       0 |     438 | 100.0 |       0 |      28 | 100.0
      IceCv |       0 |   10932 | 100.0 |       0 |      41 | 100.0
            +---------+---------+-------+---------+---------+-------
